Map: 데스오라 - 래더

Players

Stats - Winner!

  • Race: Protoss Protoss
  • Spawn Location: 5:00

LiquidMaNa (MaNa)

  • Race: Protoss Protoss
  • Spawn Location: 11:00

Event: StayAtHomestory Cup #2

VOD

Have the link to the VOD?

Description

Time

  • Played on: June 11, 2020, 11:15 a.m.
  • Length: 5:12

All games in this series

Show
View Real Time Build Order
Export as new Build Order

Stats Protoss - Winner!

Build Orders:  

Get SALT Encoding   

  12  0:01  Probe  
  13  0:13  Probe  
  14  0:17  Pylon  
  14  0:24  Probe  
  15  0:32  Probe  
  15  0:36  Gateway  
  15  0:40  Probe  
  16  0:46  Assimilator  
  17  0:51  Probe  
  17  0:54  Assimilator  
  18  1:00  Probe  
  19  1:07  Gateway  
  19  1:08  Probe  
  19  1:17  Probe  
  20  1:23  Cybernetics Core  
  21  1:30  Probe  
  21  1:32  Pylon  
  22  1:42  Probe  
  23  1:50  Warp Gate  
  23  1:54  Probe  
  24  1:59  Adept  
  24  2:00  Adept  
  28  2:03  Pylon  
  28  2:08  Shield Battery  
  28  2:29  Adept x2  
  32  2:42  Nexus  
  32  2:50  Pylon  
  32  2:59  Adept  
  32  3:00  Adept  
  36  3:07  Probe  
  37  3:15  Robotics Facility  
  37  3:19  Probe  
  38  3:32  Probe  
  39  3:38  Adept x2  
  43  3:42  Probe  
  44  3:50  Probe x2  
  46  3:58  Probe  
  46  3:59  Sentry x2, Probe  
  52  4:05  Warp Prism  
  52  4:09  Probe  
  54  4:11  Probe  
  56  4:30  Probe x2  
  56  4:31  Sentry x2, Immortal  
  52  4:36  Twilight Council  
  56  4:39  Pylon  
  60  4:52  Probe x2  
  58  5:01  Gateway x2  
  58  5:03  Gateway  
Show
View Real Time Build Order
Export as new Build Order

LiquidMaNa Protoss 

Build Orders: 1 Gate Expand 

Get SALT Encoding   

  12  0:00  Probe  
  13  0:12  Probe  
  14  0:17  Pylon  
  14  0:24  Probe  
  15  0:32  Probe  
  15  0:37  Gateway  
  15  0:40  Probe  
  16  0:47  Assimilator  
  17  0:51  Probe  
  18  1:03  Probe  
  19  1:15  Probe  
  20  1:24  Cybernetics Core  
  20  1:31  Nexus  
  20  1:34  Probe  
  21  1:40  Assimilator  
  21  1:46  Pylon  
  21  1:48  Probe  
  22  1:55  Stalker  
  22  2:00  Probe  
  23  2:02  Warp Gate  
  25  2:13  Probe  
  26  2:20  Robotics Facility  
  26  2:22  Stalker  
  26  2:25  Shield Battery  
  26  2:35  Probe  
  29  2:43  Probe  
  30  2:48  Gateway  
  30  2:57  Shield Battery  
  30  3:03  Immortal, Shield Battery  
  30  3:15  Probe  
  30  3:19  Sentry  
  37  3:22  Probe  
  38  3:28  Probe  
  39  3:34  Probe, Pylon  
  39  3:41  Observer, Probe  
  39  3:46  Probe  
  42  3:52  Stalker  
  42  3:53  Probe  
  45  3:56  Stalker  
  45  3:58  Probe  
  48  4:05  Probe  
  48  4:06  Pylon  
  49  4:10  Probe  
  49  4:12  Pylon  
  50  4:18  Stalker  
  50  4:19  Probe  
  50  4:22  Probe  
  44  4:29  Probe  
  41  4:31  Probe  
  41  4:35  Sentry  
  41  4:37  Probe  
  45  4:39  Probe  
  45  4:44  Shield Battery  
  47  4:48  Probe  
  47  4:49  Probe  
  46  5:08  Sentry x2  
Tags
 
Add a new tag
Caveats
  • Supply blocks, unpowered buildings, or Contaminate may cause inaccurate times.
  • Supply counts are checked every 10 seconds.